 Dungeon Crawl Stone Soup version 0.30-a0-134-gb40fab5c76 (webtiles) character file.

Game seed: 10651384287234222795

126462 Zabiool the Severer (level 16, -2/135 HPs)
             Began as a Hill Orc Fighter on Sept 17, 2022.
             Was the Champion of Hepliaklqana.
             Slain by a swamp worm (10 damage)
             ... called by a spriggan druid
             ... on level 2 of the Swamp on Sept 19, 2022.
             The game lasted 01:28:03 (29807 turns).

Zabiool the Severer (Hill Orc Fighter)             Turns: 29807, Time: 01:28:04

Health: -2/135     AC: 27    Str: 31    XL:     16   Next: 98%
Magic:  21/21      EV:  9    Int: 14    God:    Hepliaklqana [******]
Gold:   1119       SH:  7    Dex: 12    Spells: 15/15 levels left

rFire   + + .      SeeInvis +    T - +2 broad axe
rCold   + + +      Faith    .    c - +0 buckler
rNeg    + . .      Spirit   .    R - +3 chain mail "Duuqij" {Drain rF+ Int+2 SInv}
rPois   .          Reflect  .    G - +1 helmet "Laroe" {rElec rN+ Int+4 Dex+2}
rElec   +          Harm     .    S - +1 cloak
rCorr   .          Rampage  .    n - +0 pair of gloves
Will    ++...                    f - +2 pair of boots
Stlth   ..........               V - amulet of regeneration
HPRegen 1.12/turn                X - ring of Descent {rC++ Will+}
MPRegen 0.17/turn                L - ring of Filew {rF+ rC+ Str+4}

@: mighty
A: reduced essence
a: Renounce Religion, Recall Ancestor, Ancestor Identity, Transference, Idealise


You were on level 2 of the Swamp.
You worshipped Hepliaklqana.
Hepliaklqana was exalted by your worship.
You visited 4 branches of the dungeon, and saw 21 of its levels.
You also visited: Bailey.

You collected 2203 gold pieces.
You spent 1084 gold pieces at shops.

Inventory:

Hand Weapons
 T - a +2 broad axe (weapon)
Missiles
 M - 3 throwing nets (quivered)
Armour
 c - a +0 buckler (worn)
 f - a +2 pair of boots (worn)
 n - a +0 pair of gloves (worn)
 G - the +1 helmet "Laroe" (worn) {rElec rN+ Int+4 Dex+2}
   (You found it on level 10 of the Dungeon)

   Int:       It affects your intelligence (+4).
   Dex:       It affects your dexterity (+2).
   rElec:     It insulates you from electricity.
   rN:        It protects you from negative energy.
 N - a scarf of repulsion
 R - the +3 chain mail "Duuqij" (worn) {Drain rF+ Int+2 SInv}
   (You took it off an orc on level 11 of the Dungeon)

   Int:       It affects your intelligence (+2).
   rF:        It protects you from fire.
   SInv:      It lets you see invisible.
   Drain:     It drains your maximum health when unequipped.
 S - a +1 cloak (worn)
Jewellery
 k - a +6 ring of intelligence
 D - a ring of fire
 J - a +4 ring of evasion
 K - a ring of resist corrosion
 L - the ring of Filew (right hand) {rF+ rC+ Str+4}
   (You bought it in a shop on level 3 of the Dungeon)

   [ring of protection from fire]

   Str:       It affects your strength (+4).
   rF:        It protects you from fire.
   rC:        It protects you from cold.
 P - a +6 ring of dexterity
 V - an amulet of regeneration (around neck)
 X - the ring of Descent (left hand) {rC++ Will+}
   (You bought it in a shop on level 2 of the Orcish Mines)

   [ring of willpower]

   rC:        It greatly protects you from cold.
   Will:      It increases your willpower.
Wands
 a - a wand of mindburst (8)
 t - a wand of flame (40)
 w - a wand of paralysis (11)
 F - a wand of iceblast (17)
 U - a wand of polymorph (8)
Scrolls
 b - 2 scrolls of fear
 e - 4 scrolls of butterflies
 h - 10 scrolls of identify
 i - a scroll of noise
 j - 3 scrolls of vulnerability
 r - a scroll of magic mapping
 x - 2 scrolls of teleportation
 y - 4 scrolls of immolation
 E - 3 scrolls of poison
 O - 2 scrolls of enchant armour
 Y - a scroll of torment
Potions
 d - 4 potions of might
 l - 6 potions of flight
 m - 6 potions of curing
 o - 3 potions of mutation
 p - 4 potions of resistance
 q - 3 potions of haste
 s - 16 potions of ambrosia
 u - 6 potions of brilliance
 z - 4 potions of lignification
 A - 3 potions of invisibility
 B - 3 potions of attraction
 C - a potion of magic
 H - a potion of heal wounds
 Q - 2 potions of cancellation
 Z - a potion of berserk rage
Miscellaneous
 g - a phantom mirror
 W - a box of beasts


   Skills:
 + Level 16.0 Fighting
 + Level 16.5(18.4) Axes
 - Level 11.7(14.5) Polearms
 + Level 15.8 Armour
 - Level 0.3 Dodging
 - Level 0.1 Stealth
 + Level 11.5 Shields
 * Level 7.9 Invocations
 + Level 0.5 Evocations


You had 15 spell levels left.
You didn't know any spells.
Your spell library contained the following spells:

 Spells                   Type           Power      Damage    Failure   Level
 Portal Projectile        Hex/Tloc       0%         N/A       97%         3
 Tukima's Dance           Hex            0%         N/A       97%         3
 Blade Hands              Tmut           0%         N/A       100%        5
 Freezing Cloud           Conj/Ice/Air   0%         6-21      100%        5
 Simulacrum               Ice/Necr       0%         N/A       100%        6
 Polar Vortex             Ice            0%         N/A       100%        9


Dungeon Overview and Level Annotations

Branches:
Dungeon (12/15)            Temple (0/1) D:4            Lair (5/5) D:8
  Swamp (2/4) Lair:2        Snake (0/4) Lair:2        Slime (0/5) Lair:5
    Orc (2/2) D:11            Elf (0/3) Orc:2        Bailey (visited)

Altars:
Elyvilon
Hepliaklqana
Makhleb
Nemelex Xobeh
Qazlal
Sif Muna
Xom
Yredelemnul
Beogh

Shops:
D:3 ==   D:7 :   Orc:1 =(   Orc:2 *(!

Annotations:
D:9 3 runed translucent doors, QuickerDeath's ghost, novice NaFE
D:12 4 transporters
Lair:5 1 runed translucent door
Orc:1 3 runed translucent doors, Soratza's ghost, journeyman MiFi; p0werm0de's ghost, journeyman MeCK


Message History

The harpoon shot hits you!
* * * LOW HITPOINT WARNING * * *
You are yanked forward by the harpoon shot.
You block the spriggan's attack.
The spriggan rider hits you but does no damage.
The alligator bites you but does no damage.
The alligator tail-slaps you but does no damage.
You see here 13 gold pieces.
You feel much better. The swamp worm bites you.
* * * LOW HITPOINT WARNING * * *
You block the spriggan rider's attack. You block the alligator's attack.
The alligator tail-slaps you but does no damage.
The spriggan hits you but does no damage.
The spriggan rider barely misses you. The alligator misses you.
The alligator closely misses you.
The spriggan rider hits you but does no damage.
The alligator attacks as you move away! The alligator bites you!
* * * LOW HITPOINT WARNING * * *
You block the alligator's attack.
The swamp worm fires a harpoon shot at you.
The harpoon shot hits you but does no damage.
You feel much better. The alligator bites you!!
* * * LOW HITPOINT WARNING * * *
The alligator tail-slaps you but does no damage.
The alligator bites you.
* * * LOW HITPOINT WARNING * * *
You block the alligator's attack. The alligator attacks as you move away!
You block the alligator's attack. The alligator tail-slaps you!
* * * LOW HITPOINT WARNING * * *
The spriggan rider hits you but does no damage.
You block the spriggan rider's attack.
You feel much better. The swamp worm bites you!!
* * * LOW HITPOINT WARNING * * *
The spriggan hits you but does no damage.
The alligator bites you but does no damage.
The alligator tail-slaps you but does no damage.
The spriggan rider hits you but does no damage.
The swamp worm bites you!
You die...

♣.~~.~~~.♣♣♣~~~♣♣
♣.~....~♣♣ ♣♣♣♣♣♣
♣♣♣♣♣♣~......♣♣♣♣
♣♣♣~~♣~...........♣
.(>..~....#######.♣♣♣
.~~~~.~...#......~.~♣♣
~~~§~.♣...#.....#.~~.♣
~.~~~~<~..#.....♣♣...♣
...§~~~@..#.....♣♣.~.♣♣♣
../~~~.wt.#..~.♣~~~~~~.♣
.......iii#..~♣~~~~~~~.♣
~~~~...~.$#...♣.~~~~~.♣♣
~~~~~~~~~...#.~.....♣♣♣
~~~~~~~~~..~~~..§.†~~~♣
~~...~~~~.~~~~~).~~~~~~♣
~~.♣♣.....~~~..~~.~§~~~~
~~. ♣♣♣...~~..$..♣.~~~~~


You could see an alligator (strong, swift, drained), 2 spriggan riders, a swamp
worm (strong) and a spriggan (drained).

Vanquished Creatures
  An eleionoma (Swamp:1)
  5 two-headed ogres
  2 alligators (Swamp:1)
  4 death yaks
  7 orc high priests (Orc:2)
  A spriggan druid (Swamp:2)
  A bog body (Swamp:1)
  An oklob plant (Lair:5)
  3 lindwurms
  An ugly thing (D:12)
  An orc sorcerer (D:11)
  2 orc knights
  A cyclops (Orc:2)
  Maurice (D:10)
  5 black mambas
  Joseph (D:10)
  16 cane toads
  An unseen horror (D:11)
  3 rime drakes
  4 komodo dragons
  A kobold demonologist (D:10)
  The ghost of qborf the Firebug, a novice DEFE of Vehumet (D:5)
  4 tyrant leeches
  A queen bee (Lair:2)
  9 hornets
  7 polar bears
  6 trolls
  16 blink frogs
  9 dream sheep (Lair:4)
  A vampire (D:10)
  2 wraiths
  9 spriggans (Swamp:1)
  16 yaks
  2 wyverns
  Grum (D:8)
  Eustachio (D:6)
  A steam dragon (D:7)
  7 vampire mosquitoes
  5 swamp worms
  6 wargs
  Duvessa (D:6)
  An acid dragon (D:12)
  15 water moccasins
  14 orc warriors
  An ice beast (D:6)
  6 black bears
  4 centaurs
  2 ogres (Orc:2)
  7 wolves
  3 phantoms
  11 bullfrogs
  3 gnoll sergeants
  A necrophage (D:8)
  3 scorpions
  6 wights
  Dowan (D:6)
  29 killer bees
  5 howler monkeys
  2 electric eels (Lair:5)
  2 gnoll boudas
  2 hounds
  30 orc priests
  4 iguanas
  Natasha (thrice) (D:3)
  10 orc wizards
  5 hell rats (Lair:5)
  23 gnolls
  7 adders
  2 hound simulacra (D:5)
  3 ufetubi
  A worm (D:5)
  An adder simulacrum (D:5)
  2 dart slugs (D:1)
  90 orcs
  4 ball pythons
  6 bats
  7 endoplasms
  2 giant cockroaches
  10 goblins
  19 hobgoblins
  4 jackals (D:2)
  4 kobolds
  3 quokkas
  5 frilled lizards
  3 rats
  A spectral orc (D:10)
534 creatures vanquished.

Vanquished Creatures (collateral kills)
  2 hydras
  4 death yaks
  Sonja (Orc:1)
  Nergalle (Orc:1)
  3 spriggans (Swamp:1)
  An orc sorcerer (Orc:2)
  A cyclops (D:12)
  2 black mambas
  A torpor snail (Lair:4)
  5 cane toads
  A rime drake (Lair:4)
  A polar bear (Lair:2)
  A troll (D:11)
  3 hornets
  6 blink frogs
  2 dream sheep (Lair:4)
  Sigmund (D:3)
  9 yaks
  2 basilisks
  4 vampire mosquitoes
  A steam dragon (D:8)
  4 wargs
  The ghost of SwiftSteady the Poker, an amateur MfGl of Hepliaklqana (D:4)
  A swamp worm (Swamp:1)
  An acid dragon (D:10)
  4 water moccasins
  3 orc warriors
  3 ice beasts (D:6)
  2 ogres
  3 wolves
  A centaur (D:7)
  2 bullfrogs
  A gnoll sergeant (D:4)
  A scorpion (D:7)
  2 wights (D:6)
  8 killer bees
  A wyvern simulacrum (D:5)
  7 orc priests
  2 hell rats (Lair:5)
  An iguana (D:4)
  3 adders
  8 gnolls
  A white imp (D:5)
  An ufetubus (D:4)
  2 worms
  12 orcs
  An endoplasm (D:2)
  A giant cockroach (D:2)
  2 hobgoblins
  A quokka (D:4)
  A bat (Orc:2)
  A kobold (D:4)
  A rat (D:2)
135 creatures vanquished.

Vanquished Creatures (others)
  A bloated husk (Swamp:1)
  14 hexers
  40 fungi
  88 plants
  2 withered plants (Orc:1)
145 creatures vanquished.

Grand Total: 814 creatures vanquished

Notes
Turn   | Place    | Note
-------+----------+-------------------------------------------
     0 | D:1      | Zabiool the Hill Orc Fighter began the quest for the Orb.
     0 | D:1      | Reached XP level 1. HP: 19/19 MP: 1/1
   283 | D:1      | Reached XP level 2. HP: 27/27 MP: 2/2
   604 | D:1      | Reached XP level 3. HP: 24/33 MP: 3/3
   781 | D:1      | Found a faded altar of an unknown god.
  1406 | D:1      | Prayed at the altar of an unknown god.
  1406 | D:1      | Became a worshipper of Hepliaklqana the Forgotten
  1406 | D:1      | Reached * piety under Hepliaklqana
  1661 | D:2      | Reached XP level 4. HP: 34/36 MP: 4/4
  2441 | D:3      | Reached ** piety under Hepliaklqana
  2503 | D:3      | Remembered your ancestor Djefatnebti as a hexer
  2535 | D:3      | Noticed Natasha
  2541 | D:3      | Killed Natasha
  2546 | D:3      | Reached XP level 5. HP: 36/42 MP: 5/5
  2587 | D:3      | Found Nuozo Von's One-of-a-Kind Rings.
  2685 | D:3      | Noticed Natasha
  2692 | D:3      | Killed Natasha
  2693 | D:3      | Reached skill level 5 in Axes
  2856 | D:3      | Found Cousokh's Jewellery Shop.
  2868 | D:3      | Noticed Sigmund
  2940 | D:3      | Killed Sigmund
  2941 | D:3      | Reached XP level 6. HP: 47/47 MP: 6/6
  3284 | D:4      | Found a staircase to the Ecumenical Temple.
  3387 | D:4      | HP: 1/47 [gnoll sergeant/+2 trident of venom (5)]
  3492 | D:4      | Reached XP level 7. HP: 30/54 MP: 7/7
  3625 | D:3      | Noticed Natasha
  3629 | D:3      | Killed Natasha
  3630 | D:3      | Reached skill level 5 in Fighting
  4277 | D:4      | Reached skill level 5 in Armour
  4302 | D:4      | Found a runed translucent gate.
  4302 | D:4      | Found a runed translucent gate.
  4302 | D:4      | Found a runed translucent gate.
  4302 | D:4      | Noticed SwiftSteady's ghost (amateur MfGl)
  4602 | D:5      | Entered Level 5 of the Dungeon
  4758 | D:5      | Found a runed translucent gate.
  4758 | D:5      | Found a runed translucent gate.
  4760 | D:5      | Found a runed translucent gate.
  4882 | D:5      | Reached *** piety under Hepliaklqana
  5120 | D:5      | Reached XP level 8. HP: 62/62 MP: 8/8
  5473 | D:5      | Noticed qborf's ghost (novice DEFE)
  5753 | D:6      | Noticed Eustachio
  5756 | D:6      | Reached skill level 10 in Axes
  5769 | D:6      | Killed Eustachio
  5790 | D:6      | Reached XP level 9. HP: 37/70 MP: 9/9
  6582 | D:6      | Reached skill level 5 in Shields
  6686 | D:6      | Noticed Duvessa
  6692 | D:6      | Noticed Dowan
  6696 | D:6      | Killed Duvessa
  6701 | D:6      | Killed Dowan
  7793 | D:7      | Found Caqioxzaq's Book Boutique.
  7831 | D:7      | Reached XP level 10. HP: 67/79 MP: 10/10
  8021 | D:7      | Found a hazy altar of Hepliaklqana.
  8021 | D:7      | Found a burning altar of Makhleb.
  8211 | D:7      | Found a shimmering blue altar of Sif Muna.
  8415 | D:8      | Noticed Grum
  8558 | D:8      | Killed Grum
  9583 | D:8      | Reached **** piety under Hepliaklqana
 10175 | D:9      | Found a flagged portal.
 10188 | Bailey   | Entered a bailey
 10455 | Bailey   | Noticed an orc knight
 10491 | Bailey   | Noticed an orc knight
 10506 | Bailey   | Killed an orc knight
 10559 | Bailey   | HP: 4/81 [orc knight/+0 halberd (6)]
 11336 | D:8      | Found a staircase to the Lair.
 11857 | D:9      | Reached skill level 1 in Polearms
 11857 | D:9      | Reached XP level 11. HP: 87/87 MP: 11/11
 11907 | D:9      | Found a sparkling altar of Nemelex Xobeh.
 12074 | D:9      | Reached skill level 10 in Armour
 12175 | D:9      | Found a runed translucent gate.
 12176 | D:9      | Found a runed translucent gate.
 12177 | D:9      | Found a runed translucent gate.
 12177 | D:9      | Noticed QuickerDeath's ghost (novice NaFE)
 12396 | D:10     | Entered Level 10 of the Dungeon
 12411 | D:10     | Noticed Joseph
 12422 | D:10     | Killed Joseph
 12581 | D:10     | Identified the +1 helmet "Laroe" {rElec rN+ Int+4 Dex+2}
 12772 | D:4      | Killed SwiftSteady's ghost
 12989 | D:10     | Noticed a two-headed ogre
 12999 | D:10     | Killed a two-headed ogre
 13105 | D:10     | Found a basalt altar of Yredelemnul.
 13169 | D:10     | Noticed a two-headed ogre
 13328 | Lair:1   | Entered Level 1 of the Lair of Beasts
 13592 | Lair:1   | Reached skill level 5 in Polearms
 13928 | Lair:1   | Reached ***** piety under Hepliaklqana
 14511 | D:3      | Bought the ring of Filew {rF+ rC+ Str+4} for 568 gold
                  | pieces
 14608 | D:5      | Killed qborf's ghost
 15389 | D:10     | Found a shimmering altar of Xom.
 15390 | D:10     | Found a stormy altar of Qazlal.
 15427 | D:10     | Noticed Maurice
 15435 | D:10     | Killed Maurice
 15576 | D:10     | Found a white marble altar of Elyvilon.
 15654 | D:10     | Killed a two-headed ogre
 16012 | D:11     | Reached skill level 10 in Fighting
 16107 | D:11     | Identified the +3 chain mail "Duuqij" {Drain rF+ Int+2
                  | SInv}
 16164 | D:11     | Found a stormy altar of Qazlal.
 16182 | D:11     | Reached XP level 12. HP: 80/95 MP: 12/12
 16247 | D:11     | Found a staircase to the Orcish Mines.
 16327 | D:11     | Noticed a two-headed ogre
 16334 | D:11     | Killed a two-headed ogre
 17066 | D:11     | Upgraded the game from 0.30-a0-123-g91d0c66ccf to
                  | 0.30-a0-125-g51eefa89be
 17066 | D:11     | Upgraded the game from 0.30-a0-125-g51eefa89be to
                  | 0.30-a0-134-gb40fab5c76
 17164 | D:12     | Found a transporter.
 17165 | D:12     | Found a transporter.
 17199 | D:12     | Found a transporter.
 17226 | D:12     | Noticed a two-headed ogre
 17381 | D:12     | Noticed a two-headed ogre
 17397 | D:12     | Killed a two-headed ogre
 17459 | D:12     | Killed a two-headed ogre
 17497 | D:12     | Found a transporter.
 18234 | Lair:2   | Found a staircase to the Swamp.
 18272 | Lair:2   | Reached skill level 10 in Polearms
 18561 | Lair:2   | Found a staircase to the Snake Pit.
 19700 | Lair:3   | Noticed a death yak
 19703 | Lair:3   | Noticed a death yak
 19708 | Lair:2   | Reached XP level 13. HP: 90/104 MP: 13/13
 21767 | Lair:3   | Identified the +1 ring mail "Banup" {rPois rF- rN+++ Dex-4}
 22267 | Lair:4   | Reached ****** piety under Hepliaklqana
 22944 | Lair:4   | Identified the +2 robe of Brilliance {Fly Dex+4}
 23553 | Lair:3   | Reached XP level 14. HP: 90/116 MP: 14/14
 24290 | Lair:5   | Entered Level 5 of the Lair of Beasts
 25136 | Lair:4   | Reached skill level 15 in Armour
 25136 | Lair:4   | Reached skill level 10 in Shields
 25136 | Lair:4   | Reached XP level 15. HP: 125/125 MP: 15/15
 25138 | Lair:4   | Reached skill level 15 in Fighting
 25138 | Lair:4   | Reached skill level 5 in Invocations
 25138 | Lair:4   | Reached XP level 16. HP: 134/134 MP: 15/19
 25860 | Lair:5   | Found a runed translucent door.
 25992 | Lair:5   | Found a staircase to the Slime Pits.
 26806 | D:3      | Bought an amulet of regeneration for 360 gold pieces
 27063 | Orc:1    | Entered Level 1 of the Orcish Mines
 27063 | Orc:1    | Noticed Sonja
 27066 | Orc:1    | Killed Sonja
 27077 | D:11     | Reached skill level 15 in Axes
 27355 | Orc:2    | Entered Level 2 of the Orcish Mines
 27355 | Orc:2    | Found a staircase to the Elven Halls.
 27570 | Orc:1    | Noticed Nergalle
 27579 | Orc:1    | Killed Nergalle
 27874 | Orc:2    | Found a roughly hewn altar of Beogh.
 27900 | Orc:2    | Found Kibbuoka's Distillery.
 27900 | Orc:2    | Found Foull's Weapon Shop.
 28165 | Orc:2    | Found Vibret's Assorted Antiques.
 28183 | Orc:2    | Bought a pitted granite ring for 130 gold pieces
 28183 | Orc:2    | Identified the ring of Descent {rC++ Will+} (You bought it
                  | in a shop on level 2 of the Orcish Mines)
 28183 | Orc:2    | Bought a scroll labelled ADONNE RAISOPHA for 26 gold pieces
 28191 | Orc:2    | Found Ylovimud's Antique Weapon Shoppe.
 28575 | Orc:1    | Found Idut's Firing Range.
 28598 | Orc:1    | Found a runed translucent gate.
 28598 | Orc:1    | Found a runed translucent gate.
 28598 | Orc:1    | Found a runed translucent gate.
 28605 | Orc:1    | Noticed p0werm0de's ghost (journeyman MeCK)
 28605 | Orc:1    | Noticed Soratza's ghost (journeyman MiFi)
 28605 | Orc:1    | Noticed p0werm0de's ghost (journeyman MeCK)
 28648 | Orc:1    | Found Sosajit's Jewellery Emporium.
 28934 | Swamp:1  | Entered Level 1 of the Swamp
 29801 | Swamp:2  | HP: 1/135 [swamp worm/harpoon shot[a spriggan druid] (12)]
 29806 | Swamp:2  | HP: 5/135 [alligator[a spriggan druid] (11)]
 29807 | Swamp:2  | Slain by a swamp worm

Illustrated notes

Levels and vault maps discovered:
D:1:      evilmike_arrival_plus, layout_loops_ring,
          hellmonk_ecumenical_altar_arch_garden
D:2:      layout_loops_ring
D:3:      layout_basic, serial_shops, nicolae_shop_hallway_stairs,
          nicolae_shop_unique_rings, uniq_natasha, uniq_sigmund
D:4:      layout_basic, minmay_temple_entry_junction_2,
          ebering_ghost_rock_garden, minmay_cupped
D:5:      layout_basic, gammafunk_ghost_icy, mumra_transporter_accident
D:6:      layout_cave_pools, nrook_campfire, chequers_serial_rivers_micro_d,
          minmay_chambers_of_fives, uniq_eustachio, uniq_duvessa
D:7:      layout_basic, jmf_multi_god_temple, nicolae_sif_muna_little_library,
          serial_shops, shop, minmay_misc_feat_iff
D:8:      layout_basic, erik_lair_orcish_takeover,
          minmay_misc_feat_four_crosses, item_on_display_b, uniq_grum
D:9:      layout_roguey, nemelex_altar_shiori, gammafunk_ghost_nasty_kobolds,
          enter_bailey_4
D:10:     layout_roguey, yredelemnul_forgotten_temple_becter, kennysheep_mini,
          mainiacjoe_overflow_divided_tiny, uniq_joseph, uniq_maurice
D:11:     layout_basic, orc_0_dummy, minmay_liquid_box, minmay_door_square,
          grunt_qazlal_sundering
D:12:     layout_gridville, nicolae_transporter_circle
Lair:1:   layout_regular_city, grunt_megastairs_3
Lair:2:   beast_lair_carwin_large_1, layout_concentric_octagons, swamp_mist,
          dummy_snake_entry, special_room [special_room_bee],
          cheibrodos_lair_reptile_den, infiniplex_staircase_pool
Lair:3:   layout_roguey, minivault_25, st_stairs_10, nicolae_lair_lindhole,
          lemuel_fruit_fields
Lair:4:   layout_cave_pods, serial_bayou_shore_b, wad_woods_river_01
Lair:5:   minmay_lair_end_frog_pond, layout_cellular_growth, slime_entry_2,
          st_stairs_11
Swamp:1:  nicolae_swamp_secret_spriggan_hideout, layout_basic_swamp,
          hangedman_swamp_ruin_wall, swamp_pool1
Swamp:2:  layout_basic_swamp, evilmike_swamp_ruin_house_2, swamp_pool1
Orc:1:    layout_caves, gammafunk_ghost_cemetery, serial_shops, shop,
          nicolae_shop_firing_range, uniq_sonja, uniq_nergalle
Orc:2:    st_orc_town, layout_diamond_mine, mines_bat_river

Skill      XL: |  1  2  3  4  5  6  7  8  9 10 11 12 13 14 15 16 |
---------------+-------------------------------------------------+-----
Fighting       | 4 5 6 7 9 10 11 13 14 15 16 | 16.0
Axes           | 3 4 6 8 10 12 14 16 | 16.5
Armour         | 4 5 6 8 9 11 12 14 15 | 15.8
Shields        | 4 5 6 7 9 10 11 | 11.5
Polearms       | 1 7 11 | 11.7
Invocations    | 5 7 |  7.9
Dodging        | |  0.3
Stealth        | |  0.1
Evocations     | |  0.5

Action                   |  1- 3 |  4- 6 |  7- 9 | 10-12 | 13-15 | 16-18 || total
-------------------------+-------+-------+-------+-------+-------+-------++-------
Melee: War axe           |   126 |    94 |   277 |   162 |       |       ||   659
       Trident           |       |       |       |   537 |   498 |    21 ||  1056
       Broad axe         |       |       |       |       |       |   443 ||   443
Invok: Ancestor Life: He |       |     1 |       |       |       |       ||     1
       Recall Ancestor   |       |       |     1 |     4 |     2 |     1 ||     8
Evoke: Wand              |       |       |       |     3 |       |       ||     3
  Use: Scroll            |       |     1 |     7 |    19 |     2 |     4 ||    33
       Potion            |       |     1 |       |     7 |     8 |     6 ||    22
 Stab: Distracted        |     1 |     1 |     5 |     6 |     6 |     6 ||    25
       Confused          |       |       |     6 |    13 |    10 |    12 ||    41
       Invisible         |       |       |       |     1 |       |       ||     1
       Paralysed         |       |       |       |       |       |    46 ||    46
Armor: Scale mail        |    65 |    18 |       |       |       |       ||    83
       Chain mail        |       |    27 |   151 |    62 |   218 |   206 ||   664
       Plate armour      |       |       |       |   241 |       |       ||   241
Dodge: Dodged            |    63 |    41 |    93 |   199 |   230 |   144 ||   770
Block: Buckler           |    30 |    19 |    56 |   118 |   118 |   110 ||   451

Table legend: (Time is in decaauts)
 A = Elapsed time spent in this place.
 B = Non-inter-level travel time spent in this place.
 C = Inter-level travel time spent in this place.
 D = Time resting spent in this place.
 E = Time spent auto-exploring this place.
 F = Levels seen in this place.
 G = Mean time per level.
                   A        B        C        D        E       F      G
               +--------+--------+--------+--------+--------+-----+--------+
         Total |  29596 |  24734 |   4862 |   5196 |  15517 |  22 | 1345.3 |
       Dungeon |  17816 |  13850 |   3966 |   2714 |   8924 |  12 | 1484.7 |
          Lair |   8947 |   8374 |    573 |   2306 |   4994 |   5 | 1789.4 |
         Swamp |    861 |    832 |     29 |     77 |    546 |   2 |  430.5 |
  Orcish Mines |   1596 |   1304 |    292 |      0 |    953 |   2 |  798.0 |
        Bailey |    374 |    374 |      0 |     98 |     98 |   1 |  374.0 |
               +--------+--------+--------+--------+--------+-----+--------+

Top non-repeatable levels by time:
  Lair:2: 2627 daAuts
     D:5: 2179 daAuts
     D:7: 1883 daAuts
  Lair:4: 1872 daAuts
  Lair:5: 1847 daAuts
     D:8: 1832 daAuts
     D:9: 1800 daAuts
     D:4: 1714 daAuts
  Lair:3: 1525 daAuts
     D:1: 1510 daAuts
    D:11: 1472 daAuts
     D:6: 1348 daAuts
    D:10: 1253 daAuts
  Lair:1: 1074 daAuts
   Orc:2: 1042 daAuts
